 Dungeon Crawl Stone Soup version 0.30-a0-972-gf3ab3527aa (webtiles) character file.

Game seed: 11239900847213402776

34 vishdafish the Conjurer (level 3, 24/24 HPs)
             Began as a Demonspawn Conjurer on Mar 31, 2023.
             Quit the game on level 2 of the Dungeon.
             The game lasted 00:01:17 (1267 turns).

vishdafish the Conjurer (Demonspawn Conjurer)       Turns: 1267, Time: 00:01:17

Health: 24/24      AC:  2    Str:  7    XL:     3   Next: 14%
Magic:  7/7        EV: 12    Int: 21    God:
Gold:   70         SH:  0    Dex: 11    Spells: 6/7 levels left

rFire   . . .      SeeInvis .    h - +0 dagger
rCold   . . .      Faith    .    (no shield)
rNeg    . . .      Spirit   .    a - +0 robe
rPois   .          Reflect  .    (no helmet)
rElec   .          Rampage  .    (no cloak)
rCorr   .                        (no gloves)
Will    .....                    (no boots)
Stlth   ++                       (no amulet)
HPRegen 0.24/turn                (no ring)
MPRegen 0.10/turn                (no ring)

@: no status effects
A: hooves 1, ignite blood 1
a: no special abilities


You were on level 2 of the Dungeon.
You visited 1 branch of the dungeon, and saw 2 of its levels.

You collected 70 gold pieces.

Inventory:

Hand Weapons
 h - a +0 dagger (weapon)
Missiles
 c - 2 throwing nets
Armour
 a - a +0 robe (worn)
Scrolls
 f - 2 scrolls of noise {unknown}
 g - 3 scrolls of teleportation {unknown}
 j - a scroll of brand weapon {unknown}
 m - a scroll of immolation {unknown}
Potions
 b - a potion of magic
 d - a potion of lignification {unknown}
 e - a potion of flight {unknown}
 i - 2 potions of degeneration {unknown}
 k - a potion of curing {unknown}
 l - a potion of heal wounds {unknown}


   Skills:
 - Level 1.7 Dodging
 - Level 1.7 Stealth
 + Level 2.8 Spellcasting
 + Level 4.5 Conjurations


You had 6 spell levels left.
You knew the following spells:

 Your Spells              Type           Power      Damage    Failure   Level
a - Magic Dart            Conj           88%        1d7       1%          1

Your spell library contained the following spells:

 Spells                   Type           Power      Damage    Failure   Level
 Searing Ray              Conj           44%        2d6       3%          2
 Dazzling Flash           Conj/Hex       24%        N/A       16%         3
 Scorch                   Fire           4%         2d5       21%         2
 Flame Wave               Conj/Fire      12%        2d6       47%         4
 Fulminant Prism          Conj/Hex       6%         3d6       47%         4
 Iskenderun's Mystic Bla  Conj/Tloc      12%        2d5       47%         4
 Summon Cactus Giant      Summ           1%         N/A       100%        6


Dungeon Overview and Level Annotations

Branches:
Dungeon (2/15)

Altars:
Gozag

Shops:
D:2 (=(


Innate Abilities, Weirdness & Mutations

You have large cloven feet.
Your demonic aura sometimes causes spilled blood to erupt in flames.


Message History

m - a scroll labelled QATAXO OCIGUFI You open the door.
There is an open door here.
Found Dalapref's Weapon Shop.
Are you sure you want to abandon this character and quit the game? (Confirm with "yes".)
Okay, then.
Unknown command.
g - 3 scrolls labelled BILLENKEIHY (gained 1)
Found a spear.
You now have 70 gold pieces (gained 6).
An endoplasm comes into view.
An endoplasm is nearby!
The magic dart hits the endoplasm.
You kill the endoplasm!
You can't see any susceptible monsters within range! (Use Z to cast anyway.)
A worm comes into view.
A worm is nearby!
The magic dart hits the worm.
The worm is lightly wounded.
The magic dart hits the worm.
The worm is moderately wounded.
The magic dart hits the worm!
The worm is severely wounded.
The magic dart hits the worm!
The worm is almost dead.
The magic dart hits the worm.
You kill the worm!
You can't see any susceptible monsters within range! (Use Z to cast anyway.)
You can't see any susceptible monsters within range! (Use Z to cast anyway.)
You can't see any susceptible monsters within range! (Use Z to cast anyway.)
You can't see any susceptible monsters within range! (Use Z to cast anyway.)
You can't see any susceptible monsters within range! (Use Z to cast anyway.)
You can't see any susceptible monsters within range! (Use Z to cast anyway.)
You can't see any susceptible monsters within range! (Use Z to cast anyway.)
You can't see any susceptible monsters within range! (Use Z to cast anyway.)
You can't see any susceptible monsters within range! (Use Z to cast anyway.)
You can't see any susceptible monsters within range! (Use Z to cast anyway.)
You can't see any susceptible monsters within range! (Use Z to cast anyway.)
There is an entrance to Dalapref's Weapon Shop here.
Are you sure you want to abandon this character and quit the game? (Confirm with "yes".)

#.................#.....
#.................#.....
#..............#........
#..............#+#......
#.......................
###......##.......##....
###.≈≈≈##.....).####.. #
#≈≈≈≈≈+.......# .. #.
#≈≈@~≈#.......# .
#..#≈~.≈≈........# .
#....~.~#........#
##..#..##........#
#...............#
####.#..###+#####
........ #.##.#..### #
...#.##


There were no monsters in sight!

Vanquished Creatures
  2 worms (D:2)
  A dart slug (D:1)
  2 ball pythons
  4 endoplasms
  A giant cockroach (D:2)
  3 hobgoblins
  3 jackals (D:1)
  A quokka (D:1)
  3 bats (D:1)
  2 frilled lizards (D:1)
  2 goblins (D:1)
  A rat (D:1)
25 creatures vanquished.

Notes
Turn   | Place    | Note
-------+----------+-------------------------------------------
     0 | D:1      | vishdafish the Demonspawn Conjurer began the quest for the
                  | Orb.
     0 | D:1      | Reached XP level 1. HP: 13/13 MP: 3/3
   380 | D:1      | Gained mutation: You have large cloven feet. [demonic
                  | ancestry]
   380 | D:1      | Reached XP level 2. HP: 19/19 MP: 0/5
   560 | D:1      | Found a faded altar of an unknown god.
   915 | D:2      | Found an opulent altar of Gozag.
   951 | D:2      | Found Muotem's Antique Weapon Emporium.
  1028 | D:2      | Found Zitinod's Jewellery Boutique.
  1089 | D:2      | Gained mutation: Your demonic aura sometimes causes spilled
                  | blood to erupt in flames. [demonic ancestry]
  1089 | D:2      | Reached XP level 3. HP: 24/24 MP: 0/7
  1173 | D:2      | Found Dalapref's Weapon Shop.
  1267 | D:2      | Quit the game

Illustrated notes

Levels and vault maps discovered:
D:1:      minmay_arrival_semitransparent, layout_loops_cross,
          ebering_ecumenical_altar_hall, nrook_uturn
D:2:      layout_basic, basic_altar, serial_shops, shop, shop,
          nicolae_shop_waterfront, nicolae_shop_waterfront, uniq_terence

Action                     || total
---------------------------++-------
  Melee: Dagger            ||    11
         Kick              ||     3
   Cast: Magic Dart        ||    47
 Armour: Robe              ||     8
  Dodge: Dodged            ||    11

Table legend: (Time is in decaauts)
 A = Elapsed time spent in this place.
 B = Non-inter-level travel time spent in this place.
 C = Inter-level travel time spent in this place.
 D = Time resting spent in this place.
 E = Time spent auto-exploring this place.
 F = Levels seen in this place.
 G = Mean time per level.
                   A        B        C        D        E       F      G
               +--------+--------+--------+--------+--------+-----+--------+
         Total |   1266 |   1252 |     14 |      0 |   1119 |   2 |  633.0 |
       Dungeon |   1266 |   1252 |     14 |      0 |   1119 |   2 |  633.0 |
               +--------+--------+--------+--------+--------+-----+--------+

Top non-repeatable levels by time:
     D:1: 902 daAuts
     D:2: 364 daAuts
